 Dungeon Crawl Stone Soup version 0.29.1-2-gbd0b4ee654 (webtiles) character file.

Game seed: 7588821232041407881

92 jaham0 the Cudgeller (level 5, -5/46 HPs)
             Began as a Meteoran Cinder Acolyte on Nov 28, 2022.
             Was a High Priest of Ignis.
             Slain by Terence
             ... wielding a +0 flail
              (7 damage)
             ... on level 2 of the Dungeon.
             The game lasted 00:07:29 (922 turns).

jaham0 the Cudgeller (Meteoran Cinder Acolyte)       Turns: 922, Time: 00:07:30

Health: -5/46      AC:  2    Str: 18    XL:     5   Next: 14%
Magic:  0/9        EV: 11    Int: 15    God:    Ignis [*****.]
Gold:   59         SH:  0    Dex:  9    Spells: 6/8 levels left

rFire   + . .      SeeInvis .   a - -1 mace (flame)
rCold   . . .      Faith    .   (no shield)
rNeg    . . .      Spirit   .   b - +0 robe
rPois   .          Reflect  .   (no helmet)
rElec   .          Harm     .   (no cloak)
rCorr   .          Rampage  .   (no gloves)
Will    .....                   (no boots)
Stlth   +.........              (no amulet)
HPRegen 0.15/turn               (no ring)
MPRegen 0.11/turn               (no ring)

@: glowing
A: sense surroundings 1, otherworldly, glowing, explore regen
a: Renounce Religion, Fiery Armour, Foxfire Swarm, Rising Flame


You were on level 2 of the Dungeon.
You worshipped Ignis.
Ignis was extremely pleased with you.
You visited 1 branch of the dungeon, and saw 2 of its levels.

You collected 59 gold pieces.

Inventory:

Hand Weapons
 a - a -1 mace of flaming (weapon)
Armour
 b - a +0 robe (worn)
Scrolls
 c - a scroll of identify


   Skills:
 + Level 3.7 Fighting
 + Level 5.5 Maces & Flails
 + Level 1.0 Dodging
 + Level 2.0 Spellcasting
 + Level 4.3 Fire Magic


You had 6 spell levels left.
You knew the following spells:

 Your Spells              Type           Power      Damage    Failure   Level
a - Scorch                Fire           28%        2d6       5%          2

Your spell library contained the following spells:

 Spells                   Type           Power      Damage    Failure   Level


Dungeon Overview and Level Annotations

Branches:
Dungeon (2/15) Zot: 257

Altars:

Annotations:
D:2 Terence


Innate Abilities, Weirdness & Mutations

You passively map a small area around you.
You are easily found by Zot.
You glow in the dark.
You regain HP and MP as you explore.


Message History

Casting: Scorch (safe; 5% risk of failure)
Confirm with . or Enter, or press ? or * to list all spells.
Flames lash Terence but do no damage.
The bat hits you but does no damage. Terence hits you with a +0 flail!
Casting: Scorch (safe; 5% risk of failure)
Confirm with . or Enter, or press ? or * to list all spells.
Flames lash the bat.
You kill the bat!
Terence barely misses you.
Unknown command.
Casting: Scorch (safe; 5% risk of failure)
Confirm with . or Enter, or press ? or * to list all spells.
Flames lash Terence.
Terence is severely wounded.
Terence's fire resistance burns away.
Terence hits you with a +0 flail!
You hit Terence but do no damage.
Terence is severely wounded.
Terence hits you with a +0 flail.
You closely miss Terence.
Terence is severely wounded.
Terence closely misses you.
You barely miss Terence.
Terence is severely wounded.
Terence closely misses you.
You hit Terence but do no damage.
Terence is severely wounded.
Terence barely misses you. Terence hits you with a +0 flail!
* * * LOW HITPOINT WARNING * * *
Terence attacks as you move away! Terence barely misses you.
You see here a scroll labelled XOAVUR WOBILA.
Casting: Scorch (safe; 5% risk of failure)
Confirm with . or Enter, or press ? or * to list all spells.
Flames lash Terence.
Terence is burned terribly!
Terence is almost dead.
Terence hits you with a +0 flail!
* * * LOW HITPOINT WARNING * * *
You closely miss Terence.
Terence is almost dead.
Terence hits you with a +0 flail!
You die...

...# ... ...., #.# .. ,.....
#.# . , ..... #.# ,
.....###.# ## *
.........##.### ,#
###.....†.....## *
#####.##................
...............@@.........##
...#...######.#............##
......#
........^..####.....##
......#
#######.>............#
...####.# #..............#
........# #...#..........#
...##### #...#..........###
...## #.[.#........?...#
...†##### #...#......)...#..


You could see Terence (combustible).

Vanquished Creatures
  Natasha (D:2)
  2 adders (D:2)
  A dart slug (D:1)
  2 ball pythons
  3 endoplasms (D:1)
  3 giant cockroaches (D:1)
  5 goblins
  4 hobgoblins
  6 jackals (D:1)
  2 kobolds (D:2)
  2 quokkas
  5 bats
  5 frilled lizards
  5 rats
46 creatures vanquished.

Vanquished Creatures (others)
  11 demonic plants (D:2)
  A fungus (D:2)
  9 plants (D:2)
  6 withered plants (D:2)
27 creatures vanquished.

Grand Total: 73 creatures vanquished

Notes
Turn   | Place    | Note
-------+----------+-------------------------------------------
     0 | D:1      | jaham0 the Meteoran Cinder Acolyte began the quest for the
                  | Orb.
     0 | D:1      | Reached XP level 1. HP: 19/19 MP: 3/3
   113 | D:1      | Reached XP level 2. HP: 19/26 MP: 5/5
   119 | D:1      | Learned a level 2 spell: Scorch
   188 | D:1      | Reached XP level 3. HP: 19/31 MP: 3/6
   424 | D:1      | Reached skill level 5 in Maces & Flails
   486 | D:1      | Glimpsed the power of Zot.
   536 | D:1      | Glimpsed the power of Zot.
   583 | D:2      | Reached XP level 4. HP: 39/40 MP: 2/7
   596 | D:2      | Noticed Natasha
   604 | D:2      | Killed Natasha
   688 | D:2      | Reached XP level 5. HP: 14/46 MP: 3/9
   905 | D:2      | Reached skill level 1 in Dodging
   905 | D:2      | Noticed Terence
   921 | D:2      | HP: 2/46 [Terence/+0 flail (7)]
   922 | D:2      | Slain by Terence

Illustrated notes

Levels and vault maps discovered:
D:1:      nzn_arrival_depleted_hourglass, layout_basic, serial_shops,
          nicolae_lakefront_shop, minmay_pentomino_v4
D:2:      layout_rooms, shapermc_ecumenical_altar_gd, minmay_bisected,
          uniq_terence, uniq_natasha

Skill      XL: |  1  2  3  4  5 |
---------------+----------------+-----
Fire Magic     | 4 |  4.3
Maces & Flails | 5 |  5.5
Spellcasting   | 2 |  2.0
Dodging        | 1 |  1.0
Fighting       | |  3.7

Action                   |  1- 3 |  4- 6 || total
-------------------------+-------+-------++-------
Melee: Mace              |    90 |    41 ||   131
       Punch             |     1 |       ||     1
 Cast: Scorch            |    13 |    13 ||    26
  Use: Scroll            |     3 |     1 ||     4
       Potion            |     1 |       ||     1
Armor: Robe              |    23 |    15 ||    38
Dodge: Dodged            |    42 |    21 ||    63
